 Dungeon Crawl Stone Soup version 0.24-a0-807-g36a6468 (webtiles) character file.

Game seed: 2734775334167368863, levelgen mode: deterministic

26765 2tousent the Transmogrifier (level 13, -7/105 HPs)
             Began as a Pale Draconian Transmuter on Oct 10, 2019.
             Was a Believer of Wu Jian.
             Mangled by a death yak (11 damage)
             ... on level 4 of the Lair of Beasts.
             The game lasted 01:11:18 (16745 turns).

2tousent the Transmogrifier (DrTm)                 Turns: 16745, Time: 01:11:19

Health: -7/105     AC:  9    Str: 18    XL:     13   Next: 0%
Magic:  20/24      EV: 17    Int: 14    God:    Wu Jian [**....]
Gold:   868        SH:  2    Dex: 19    Spells: 11/27 levels left

rFire    . . .     SeeInvis .     - Unarmed
rCold    . . .     Gourm    .   (shield currently unavailable)
rNeg     . . .     Faith    .   (armour unavailable)
rPois    .         Spirit   .   g - +1 hat
rElec    .         Reflect  +   (no cloak)
rCorr    .         Harm     .   (gloves currently unavailable)
MR       .....                  (no boots)
Stlth    ++........             S - amulet "Aniga" {Reflect Dex+4 SH+2}
HPRegen  0.27/turn              d - +4 ring of strength
MPRegen  0.19/turn              Q - ring of wizardry

@: about to teleport, blade hands
A: breathe steam, unfitting armour, cold-blooded, AC +8
a: Breathe Steam, End Transformation, Wall Jump, Renounce Religion


You were on level 4 of the Lair of Beasts.
You worshipped Wu Jian.
Wu Jian was pleased with you.
You were not hungry.
You had blades for hands.
You visited 3 branches of the dungeon, and saw 16 of its levels.

You collected 923 gold pieces.
You spent 55 gold pieces at shops.

Inventory:

Missiles
 a - 128 arrows (quivered)
Armour
 g - a +1 hat (worn)
 z - a +0 pair of gloves (melded)
Jewellery
 d - a +4 ring of strength (left scythe-like blade)
 e - an uncursed ring of protection from cold
 j - an uncursed amulet of guardian spirit
 A - an uncursed ring of protection from cold
 G - an uncursed ring of attention
 I - an uncursed ring of fire
 K - an uncursed ring of protection from magic
 L - an uncursed ring of protection from magic
 N - an uncursed amulet of the acrobat
 Q - a ring of wizardry (right scythe-like blade)
 R - an uncursed ring of positive energy
 S - the amulet "Aniga" (around neck) {Reflect Dex+4 SH+2}
   (You found it on level 4 of the Lair of Beasts)

   [amulet of reflection]

   It shields you and reflects attacks.
   It affects your dexterity (+4).
   It affects your SH (+2).
 V - an uncursed amulet of regeneration
 X - an uncursed ring of magical power {unknown}
Wands
 b - a wand of polymorph (12)
 y - a wand of paralysis (13)
 D - a wand of flame (24)
 F - a wand of random effects (26)
 H - a wand of digging (8)
 M - a wand of enslavement (6)
Scrolls
 l - 2 scrolls of fog
 m - 5 scrolls of enchant weapon
 n - 3 scrolls of identify
 o - 3 scrolls of teleportation
 p - 6 scrolls of remove curse
 s - 3 scrolls of fear
 t - 3 scrolls of noise
 w - a scroll of vulnerability
 x - 4 scrolls of magic mapping
 B - a scroll of amnesia
 C - 3 scrolls of random uselessness
 T - a scroll of acquirement {unknown}
Potions
 f - 2 potions of brilliance
 h - 6 potions of curing
 i - 2 potions of cancellation
 k - 3 potions of ambrosia
 q - 3 potions of mutation
 r - 2 potions of lignification
 u - 4 potions of heal wounds
 v - 3 potions of agility
 E - a potion of resistance
 J - 2 potions of flight
 P - a potion of degeneration
 U - 2 potions of haste
Miscellaneous
 O - a fan of gales
Comestibles
 c - 18 rations


   Skills:
 - Level 7.0 Fighting
 - Level 7.0 Dodging
 * Level 11.7 Unarmed Combat
 + Level 7.6 Spellcasting
 + Level 1.0 Hexes
 * Level 14.3 Transmutations


You had 11 spell levels left.
You knew the following spells:

 Your Spells              Type           Power        Failure   Level  Hunger
a - Blade Hands           Tmut           #####.....   6%          5    #####..
b - Yara's Violent Unrav  Hex/Tmut       ####......   26%         5    #####..
c - Sticks to Snakes      Tmut           #####...     2%          2    None
d - Ice Form              Ice/Tmut       ####....     16%         4    ####...

Your spell library contained the following spells:

 Spells                   Type           Power        Failure   Level  Hunger
 Beastly Appendage        Tmut           #####.       2%          1    None
 Spider Form              Tmut/Pois      ####......   9%          3    ##.....
 Corona                   Hex            #......      19%         1    None
 Magic Dart               Conj           #...         24%         1    None
 Slow                     Hex            #.......     24%         2    None
 Searing Ray              Conj           #.....       32%         2    None
 Dazzling Spray           Conj/Hex       #.....       41%         3    ##.....
 Inner Flame              Hex/Fire       #.......     41%         3    ##.....
 Portal Projectile        Hex/Tloc       #.....       41%         3    ##.....
 Cause Fear               Hex            #.........   65%         4    ####...
 Fulminant Prism          Conj/Hex       #.........   71%         4    ####...
 Leda's Liquefaction      Hex/Erth       #.........   71%         4    ####...
 Force Lance              Conj/Tloc      #.......     77%         4    ####...
 Iskenderun's Mystic Bla  Conj           #.......     77%         4    ####...
 Silence                  Hex/Air        #.........   92%         5    #####..
 Deflect Missiles         Chrm/Air       #.........   100%        6    #######
 Discord                  Hex            #.........   100%        8    #######


Dungeon Overview and Level Annotations

Branches:
Dungeon (10/15)            Temple (1/1) D:5            Lair (5/6) D:10
 Shoals (0/4) Lair:3        Snake (0/4) Lair:4
  Slime: Lair:5-6       Orc: D:9-12

Altars:
Ashenzari
Cheibriados
Dithmenos
Elyvilon
Fedhas
Gozag
Hepliaklqana
Kikubaaqudgha
Makhleb
Nemelex Xobeh
Okawaru
Qazlal
Ru
Sif Muna
Trog
Uskayaw
Vehumet
Wu Jian
Xom
Yredelemnul
Zin
The Shining One

Shops:
D:4 %?[[=   D:9 !   D:10 ?

Annotations:
D:3 1 runed translucent door
Lair:4 1 runed translucent door


Innate Abilities, Weirdness & Mutations

You can breathe blasts of scalding, opaque steam.
Your pale cyan-grey scales are hard. (AC +8)
You cannot fit into any form of body armour.
You are cold-blooded and may be slowed by cold attacks.


Message History

Casting: Blade Hands (safe; 1% risk of failure)
Confirm with . or Enter, or press ? or * to list all spells.
Your hands turn into razor-sharp scythe blades.
Your +0 pair of gloves melds into your body.
There is a stone staircase leading down here.
You climb downwards.
The death yak misses you. The death yak barely misses you.
The death yak gores you!! x2
There is a stone staircase leading up, spattered with blood here.
The yak gores you. The death yak gores you! The death yak gores you.
You climb upwards.
Level annotation: 1 runed translucent door
There is a stone staircase leading down here.
Unknown command.
As you read the scroll of teleportation, it crumbles to dust.
You feel strangely unstable. The yak gores you!
* * * LOW HITPOINT WARNING * * *
The death yak gores you!!
* * * LOW HITPOINT WARNING * * *
The death yak gores you!
You die...

..# .$# ##....# .## #.# ##......
..# .# ###### ###..(.... #.# ##
##.P#.### ####.........
###########.......###.##..<..)...
..........................#......
.......#.................#.......
..##.#######...YY....#..#####....
#####.# #....@....#### ####. ###
##.#Y.##### ## ##..## ####


You could see 2 death yaks and a yak.

Vanquished Creatures
  3 hydras
  A catoblepas (Lair:1)
  7 death yaks
  A two-headed ogre (D:8)
  Pikel (D:6)
  8 spiny frogs
  3 rime drakes
  2 komodo dragons (Lair:3)
  A komodo dragon (shapeshifter) (D:9)
  A polar bear (Lair:4)
  7 blink frogs
  Prince Ribbit (Lair:2)
  A hornet (D:10)
  A snapping turtle (Lair:3)
  7 hippogriffs
  11 yaks
  A wyvern (D:9)
  3 basilisks
  5 nagas (Lair:4)
  8 porcupines
  9 water moccasins
  2 sky beasts
  3 black bears
  5 orc warriors
  An ice beast (D:6)
  A phantom (D:9)
  2 necrophages (D:10)
  6 ogres
  4 centaurs
  8 crocodiles
  13 bullfrogs
  A wyvern skeleton (D:9)
  3 scorpions
  4 killer bees (D:10)
  4 wights (D:8)
  An electric eel (Lair:3)
  3 crimson imps
  The ghost of Despondentz the Skirmisher, a weakling VSFi (D:3)
  A bullfrog zombie (D:8)
  4 hounds
  6 jellies
  2 centaur skeletons
  6 orc priests
  10 orc wizards
  3 iguanas
  2 worker ants
  A killer bee zombie (D:7)
  A hound zombie (D:8)
  A worker ant zombie (D:10)
  15 adders
  A river rat (D:3)
  3 shadow imps
  6 oozes
  2 adder zombies (D:9)
  An adder skeleton (D:4)
  3 worms
  2 dart slugs
  4 leopard geckos
  30 orcs
  12 bats
  8 giant cockroaches
  6 goblins
  4 hobgoblins
  18 jackals
  4 quokkas
  2 ball pythons (D:3)
  4 frilled lizards
  9 kobolds
  A leopard gecko skeleton (D:4)
  6 rats
  A plant (Lair:1)
323 creatures vanquished.

Vanquished Creatures (collateral kills)
  A hydra (Lair:1)
  A death yak (Lair:4)
  A water moccasin (D:7)
  2 crocodiles (Lair:1)
  An adder (D:3)
  A worm (D:3)
  A hobgoblin (D:3)
  A jackal skeleton (D:2)
9 creatures vanquished.

Vanquished Creatures (others)
  A worker ant (D:6)
  A leopard gecko (D:6)
  A giant cockroach (D:6)
  A bush (D:8)
  3 fungi
  2 plants
9 creatures vanquished.

Grand Total: 341 creatures vanquished

Notes
Turn   | Place    | Note
-------+----------+-------------------------------------------
     0 | D:1      | 2tousent the Draconian Transmuter began the quest for the
                  | Orb.
     0 | D:1      | Reached XP level 1. HP: 16/16 MP: 3/3
   321 | D:1      | Reached XP level 2. HP: 21/23 MP: 3/5
   336 | D:1      | Reached skill level 3 in Transmutations
   546 | D:1      | Learned a level 2 spell: Sticks to Snakes
   688 | D:1      | Reached XP level 3. HP: 24/28 MP: 6/6
  1090 | D:2      | Reached skill level 11 in Transmutations
  1090 | D:2      | Reached XP level 4. HP: 29/35 MP: 7/7
  1996 | D:3      | Reached XP level 5. HP: 34/40 MP: 6/8
  2009 | D:3      | Learned a level 5 spell: Blade Hands
  2114 | D:3      | Found a faded altar of an unknown god.
  2275 | D:3      | Found a runed translucent door.
  2330 | D:3      | Noticed Despondentz's ghost (weakling VSFi)
  2370 | D:3      | Killed Despondentz's ghost
  2530 | D:3      | Reached XP level 6. HP: 48/48 MP: 3/9
  2732 | D:3      | Found a runed translucent door.
  2888 | D:4      | Found a shimmering blue altar of Sif Muna.
  2916 | D:4      | Found Syally's Food Boutique.
  3007 | D:4      | Found Xiygebi's Antique Armour Shoppe.
  3110 | D:4      | Found Wahuucuu's Jewellery Shoppe.
  3261 | D:4      | Found Lameaqad's Magic Scroll Boutique.
  3378 | D:4      | Found Poiphan's Antique Armour Shop.
  3443 | D:5      | Entered Level 5 of the Dungeon
  3536 | D:5      | Found a sacrificial altar of Ru.
  3633 | D:5      | Your scales start taking on a pale cyan-grey colour.
  3633 | D:5      | Reached XP level 7. HP: 42/55 MP: 4/10
  3994 | D:5      | Found a staircase to the Ecumenical Temple.
  4027 | Temple   | Entered the Ecumenical Temple
  4767 | D:6      | Noticed Pikel
  4785 | D:6      | Killed Pikel
  4785 | D:6      | Reached skill level 5 in Unarmed Combat
  4785 | D:6      | Reached XP level 8. HP: 36/63 MP: 3/12
  5117 | D:6      | Found a hide-covered altar of Uskayaw.
  5144 | D:6      | Noticed a +0 dagger
  5145 | D:6      | Noticed a +0 dagger
  5353 | D:7      | Found a hazy altar of Hepliaklqana.
  5506 | D:7      | Found a stormy altar of Qazlal.
  5567 | D:7      | Reached XP level 9. HP: 54/71 MP: 8/14
  6021 | D:7      | Found a shimmering altar of Xom.
  6280 | D:8      | Noticed a two-headed ogre
  6348 | D:8      | Killed a two-headed ogre
  6348 | D:8      | Reached skill level 5 in Fighting
  6348 | D:8      | Reached XP level 10. HP: 80/81 MP: 11/17
  6350 | D:8      | Upgraded the game from 0.24-a0-803-gfe114aa to
                  | 0.24-a0-807-g36a6468
  6509 | D:8      | Found a bloodstained altar of Trog.
  6771 | D:8      | Found an ornate altar of the Wu Jian Council.
  6773 | D:8      | Found a radiant altar of Vehumet.
  6775 | D:8      | Found a glowing silver altar of Zin.
  6779 | D:8      | Became a worshipper of the Wu Jian Council
  7021 | D:9      | Reached skill level 12 in Transmutations
  7023 | D:9      | Reached skill level 5 in Spellcasting
  7195 | D:9      | Reached skill level 5 in Dodging
  7219 | D:9      | Learned a level 4 spell: Ice Form
  7226 | D:9      | Found Bejuink's Distillery.
  7230 | D:9      | Bought a potion of heal wounds for 55 gold pieces
  8087 | D:9      | Reached * piety under Wu Jian
  8106 | D:10     | Entered Level 10 of the Dungeon
  8109 | D:10     | Noticed a death yak
  8109 | D:10     | Noticed a death yak
  8212 | D:10     | Found a staircase to the Lair.
  8461 | D:10     | Noticed a death yak
  8464 | D:10     | Noticed a death yak
  8508 | D:10     | Killed a death yak
  8803 | D:10     | Found Tudeaj's Magic Scroll Shop.
  8865 | D:10     | Noticed a death yak
  9199 | D:10     | Reached XP level 11. HP: 81/88 MP: 12/19
  9761 | Lair:1   | Entered Level 1 of the Lair of Beasts
  9819 | Lair:1   | Noticed a six-headed hydra
  9825 | Lair:1   | Killed a six-headed hydra
 10440 | Lair:1   | Noticed a catoblepas
 10447 | Lair:1   | Killed a catoblepas
 11370 | Lair:2   | Noticed Prince Ribbit
 11383 | Lair:2   | Reached skill level 13 in Transmutations
 11397 | Lair:2   | Killed Prince Ribbit
 11644 | Lair:2   | Reached skill level 10 in Unarmed Combat
 12227 | Lair:3   | Noticed a seven-headed hydra
 12509 | Lair:3   | Killed a seven-headed hydra
 12509 | Lair:3   | Reached XP level 12. HP: 12/97 MP: 14/21
 13047 | Lair:3   | Found a staircase to the Shoals.
 13152 | Lair:3   | Learned a level 5 spell: Yara's Violent Unravelling
 13272 | Lair:4   | Noticed a death yak
 13272 | Lair:4   | Noticed a death yak
 13593 | Lair:3   | Killed a death yak
 13645 | Lair:4   | Noticed a death yak
 13663 | Lair:4   | Reached ** piety under Wu Jian
 13967 | Lair:4   | Found a runed translucent door.
 14019 | Lair:4   | Noticed a four-headed hydra
 14035 | Lair:4   | Killed a four-headed hydra
 14274 | Lair:4   | Found a staircase to the Snake Pit.
 14299 | Lair:4   | Got a glittering steel amulet
 14332 | Lair:4   | Identified the amulet "Aniga" {Reflect Dex+4 SH+2} (You
                  | found it on level 4 of the Lair of Beasts)
 14626 | Lair:4   | Noticed a death yak
 14663 | Lair:3   | Killed a death yak
 14760 | Lair:3   | Killed a death yak
 14767 | Lair:3   | Killed a death yak
 15108 | Lair:4   | Noticed a seven-headed hydra
 15146 | Lair:5   | Noticed a death yak
 15146 | Lair:5   | Noticed a death yak
 15146 | Lair:5   | Noticed a death yak
 15146 | Lair:5   | Noticed a death yak
 15147 | Lair:5   | Noticed a death yak
 15216 | Lair:5   | Noticed a death yak
 15252 | Lair:4   | HP: 3/100 [death yak (22)]
 15634 | Lair:4   | Killed a death yak
 15634 | Lair:4   | Reached skill level 14 in Transmutations
 15798 | Lair:4   | Killed a death yak
 15987 | Lair:5   | Noticed a five-headed hydra
 15995 | Lair:5   | Killed a five-headed hydra
 16490 | Lair:4   | Killed a death yak
 16490 | Lair:4   | Reached skill level 1 in Hexes
 16490 | Lair:4   | Reached XP level 13. HP: 38/105 MP: 20/24
 16745 | Lair:4   | HP: 4/105 [death yak (22)]
 16745 | Lair:4   | Mangled by a death yak

Levels and vault maps discovered:
D:1:      dpeg_arrival_another_circle, layout_basic, corner_web_ring,
          serial_bayou_lagoon_b
D:2:      layout_basic, chequers_serial_rivers_micro_a
D:3:      layout_loops_cross, chequers_ecumenical_altar_twisty,
          ebering_ghost_sewer_f, minmay_randomly_rotated_circles
D:4:      layout_rooms, led_sif_book, serial_shops, shop, nicolae_shop_crystal,
          kennysheep_mini, shop, shop
D:5:      layout_basic, lemuel_round_altar, temple_statues, first_ration
D:6:      layout_rooms, dancing_weapons_uskayaw, uniq_pikel
D:7:      layout_gridville, kennysheep_little_box, xom_butterflies,
          overflow_temple_1_default
D:8:      layout_loops_ring, marbit_many_paths, grunt_temple_overflow_open,
          kb_lookout_dungeons_type, hangedman_little_slice_of_home
D:9:      layout_gridville, serial_shops, shop
D:10:     layout_irregular_city, dpeg_lair_monsters, serial_shops,
          nicolae_shop_temple_entry_statues_fountains
Temple:   minmay_temple_bridge_abc
Lair:1:   layout_misc_corridors, chequers_serial_rivers_micro_a, st_stairs_9,
          chequers_serial_rivers_marsh, hibernation_bobbens,
          serial_bayou_shore_b
Lair:2:   layout_chaotic_city, serial_forest, infiniplex_forest_clump_medium,
          infiniplex_forest_side_room, infiniplex_forest_lined_room_,
          infiniplex_forest_pool, infiniplex_forest_clump_long,
          infiniplex_forest_end_2, infiniplex_forest_end_2, minivault_23,
          uniq_prince_ribbit2
Lair:3:   layout_cave_shapes, minmay_shoals_entry_hut
Lair:4:   layout_cave_pods, minmay_snake_entry_guardpost_medium, pf_torpor_hydra
Lair:5:   layout_regular_city, portal_ice_cave_entry_pillars_2

Skill      XL: |  1  2  3  4  5  6  7  8  9 10 11 12 |
---------------+-------------------------------------+-----
Transmutations | 3 11 12 13 14 | 14.3
Dodging        | 2 3 4 5 6 7 |  7.0
Fighting       | 2 3 5 6 7 |  7.0
Unarmed Combat | 5 7 8 10 11 | 11.7
Spellcasting   | 3 4 5 6 7 |  7.6
Hexes          | 1 |  1.0

Action                   |  1- 3 |  4- 6 |  7- 9 | 10-12 | 13-15 || total
-------------------------+-------+-------+-------+-------+-------++-------
Melee: Unarmed           |    70 |   232 |   118 |   453 |       ||   873
       Headbutt          |     3 |     2 |       |       |       ||     5
       Tailslap          |     6 |    30 |    10 |    57 |       ||   103
       Punch             |     4 |     3 |     2 |    17 |       ||    26
       Kick              |       |     8 |       |       |       ||     8
 Cast: Beastly Appendage |     3 |     7 |       |       |       ||    10
       Sticks to Snakes  |       |     6 |     9 |    35 |       ||    50
       Blade Hands       |       |    17 |    26 |    85 |     1 ||   129
       Ice Form          |       |       |       |     5 |       ||     5
Invok: Lunge             |       |       |       |   111 |       ||   111
       Whirlwind         |       |       |       |   153 |       ||   153
 Abil: Breathe Steam     |       |       |     4 |    13 |       ||    17
       Wall Jump         |       |       |       |     1 |       ||     1
  Use: Scroll            |     1 |    10 |       |    22 |     1 ||    34
       Potion            |     1 |       |       |     1 |       ||     2
 Stab: Sleeping          |     1 |       |     1 |     2 |       ||     4
       Distracted        |       |     1 |       |     5 |       ||     6
  Eat: Chunk             |       |    16 |    15 |    28 |       ||    59
       Ration            |       |       |     1 |    10 |     1 ||    12
Armor: Skin              |    20 |    62 |    21 |    68 |       ||   171
Dodge: Dodged            |    46 |   150 |    55 |   206 |     2 ||   459
Block: Other             |       |       |       |     8 |       ||     8

Table legend:
 A = Non-vault XP
 B = Vault XP
 C = Vault XP percentage of total XP
 D = Non-vault monster count
 E = Vault monster count
 F = Vault count percentage of total count
                 A         B        C        D         E       F
            +---------+---------+-------+---------+---------+-------
      Total |   33075 |    5102 |  13.4 |     296 |      35 |  10.6
            +---------+---------+-------+---------+---------+-------
        D:1 |      46 |       0 |   0.0 |      22 |       0 |   0.0
        D:2 |      72 |       0 |   0.0 |      27 |       0 |   0.0
        D:3 |     193 |      82 |  29.8 |      29 |      10 |  25.6
        D:4 |     139 |       0 |   0.0 |      16 |       0 |   0.0
        D:5 |     323 |       0 |   0.0 |      14 |       0 |   0.0
        D:6 |     705 |     629 |  47.2 |      16 |       1 |   5.9
        D:7 |    2518 |       0 |   0.0 |      27 |       0 |   0.0
        D:8 |    1797 |     305 |  14.5 |      16 |      10 |  38.5
        D:9 |    2180 |       0 |   0.0 |      28 |       0 |   0.0
       D:10 |    2169 |     901 |  29.3 |      28 |       1 |   3.4
     Lair:1 |    2279 |    1104 |  32.6 |       8 |       3 |  27.3
     Lair:2 |    3372 |    1040 |  23.6 |      17 |       4 |  19.0
     Lair:3 |    5799 |     247 |   4.1 |      11 |       1 |   8.3
     Lair:4 |    6974 |     794 |  10.2 |      20 |       5 |  20.0
     Lair:5 |    4509 |       0 |   0.0 |      17 |       0 |   0.0
            +---------+---------+-------+---------+---------+-------
